 Dungeon Crawl Stone Soup version 0.21.1-1-g345015f (webtiles) character file.

10427 n0claF the Archer (level 11, 0/142 HPs)
             Began as a Centaur Hunter on June 21, 2018.
             Was an Elder of Okawaru.
             Succumbed to a killer bee's poison
             ... on level 10 of the Dungeon.
             The game lasted 01:01:21 (16730 turns).

n0claF the Archer (Centaur Hunter)                 Turns: 16730, Time: 01:01:21

Health: 0/142      AC: 27    Str: 14 (16) XL:     11   Next: 36%
Magic:  5/11       EV:  1    Int:  8 (10) God:    Okawaru [****..]
Gold:   596        SH:  0    Dex: 11 (12) Spells: 10/10 levels left

rFire    . . .     SeeInvis +   a - +2 shortbow
rCold    . . .     Gourm    .   (shield currently unavailable)
rNeg     + + +     Faith    .   (armour currently unavailable)
rPois    +         Spirit   +   (helmet currently unavailable)
rElec    .         Reflect  .   (cloak currently unavailable)
rCorr    .         Harm     .   (gloves currently unavailable)
MR       .....     NoTele   +   (no barding)
Stlth    +.........             A - amulet of guardian spirit
HPRegen  0.33/turn              v - +2 ring of protection
MPRegen  0.12/turn              z - ring of see invisible

@: lethally poisoned (0 -> -21), tree-form, very slightly contaminated,
invisible
A: large, no potion heal 1
a: Heroism, Renounce Religion


You were on level 10 of the Dungeon.
You worshipped Okawaru.
Okawaru was greatly pleased with you.
You were not hungry.
You were a tree.
You visited 2 branches of the dungeon, and saw 12 of its levels.
You also visited: Sewer.

You collected 596 gold pieces.

Inventory:

Hand Weapons
 a - a +2 shortbow (weapon)
 y - a +0 trident of protection
   (You found it on level 9 of the Dungeon)
Missiles
 d - 216 arrows (quivered)
Armour
 n - a +0 troll leather armour (melded)
   (You found it on level 9 of the Dungeon)
 q - a +0 helmet (melded)
   (You found it on level 7 of the Dungeon)
 s - a +0 centaur barding (melded)
   (You found it on level 3 of the Dungeon)
Jewellery
 p - an uncursed ring of wizardry
   (You found it on level 2 of the Dungeon)
 v - a +2 ring of protection (left branch)
   (You found it on level 4 of the Dungeon)
 z - a ring of see invisible (right branch)
   (You found it on level 6 of the Dungeon)
 A - an amulet of guardian spirit (around neck)
   (You took it off a crimson imp on level 10 of the Dungeon)
Wands
 j - a wand of polymorph (11)
   (You found it on level 6 of the Dungeon)
 t - a wand of flame (18)
   (You found it on level 9 of the Dungeon)
 u - a wand of paralysis (22)
   (You found it on level 3 of the Dungeon)
 C - a wand of clouds (4)
   (You found it on level 8 of the Dungeon)
Scrolls
 g - 2 scrolls of magic mapping
 h - 6 scrolls of identify {@r1}
 i - 6 scrolls of remove curse {@r2}
 k - a scroll of teleportation {@r4}
 r - a scroll of fear
Potions
 l - 5 potions of flight
 m - 2 potions of ambrosia
 o - a potion of magic
Books
 D - a book of Necromancy
   (You found it on level 8 of the Dungeon)
Comestibles
 e - 29 rations {!d}


   Skills:
 + Level 8.8 Fighting
 + Level 3.7 Polearms
 - Level 14.0 Bows
 + Level 6.7 Dodging
 - Level 0.4 Stealth
 - Level 7.2 Unarmed Combat


You had 10 spell levels left.
You didn't know any spells.

Dungeon Overview and Level Annotations

Branches:
Dungeon (11/15)            Temple (1/1) D:7
   Lair: D:8-11         Orc: D:9-12

Altars:
Ashenzari
Cheibriados
Dithmenos
Elyvilon
Fedhas
Gozag
Hepliaklqana
Kikubaaqudgha
Makhleb
Nemelex Xobeh
Okawaru
Qazlal
Ru
Sif Muna
Trog
Uskayaw
Vehumet
Wu Jian
Xom
Yredelemnul
Zin
The Shining One

Shops:
D:4 *


Innate Abilities, Weirdness & Mutations

((You have hooves in place of feet.))
((Armour fits poorly on your strangely shaped body.))
((You cover ground very quickly.))
((You have extremely tough skin. (AC +3)))
((You can translocate small distances at will.))
((You are resistant to electric shocks. (rElec)))
Potions are less effective at restoring your health.


Message History

The arrow hits the killer bee but does no damage.
* * * LOW HITPOINT WARNING * * *
You feel very sick. The killer bee barely misses you.
Aim: a killer bee (almost dead)
You shoot an arrow. The arrow misses the killer bee.
* * * LOW HITPOINT WARNING * * *
You feel sick. The killer bee misses you.
It was a potion of heal wounds.
Your system partially rejects the healing.
You feel much better.
* * * LOW HITPOINT WARNING * * *
You feel very sick. The killer bee barely misses you.
The killer bee stings you but does no damage.
Aim: a killer bee (almost dead)
You shoot an arrow. The arrow hits the killer bee.
You kill the killer bee!
Okawaru accepts your kill.
* * * LOW HITPOINT WARNING * * *
You feel sick.
There is a lethal amount of poison in your body!
There is a lethal amount of poison in your body!
It was a potion of degeneration.
There was something very wrong with that liquid.
You feel weakened.
You feel dopey.
You feel clumsy.
* * * LOW HITPOINT WARNING * * *
You feel very sick.
It was a potion of invisibility.
You fade into invisibility!
* * * LOW HITPOINT WARNING * * *
You feel very sick.
You are very lightly contaminated with residual magic.
Really quaff
B - a potion of lignification {!q}?
You turn into a tree.
Your +0 helmet melds into your body.
Your +0 centaur barding melds into your body.
Your +0 troll leather armour melds into your body.
Your roots penetrate the ground.
* * * LOW HITPOINT WARNING * * *
You feel very sick.
There is a lethal amount of poison in your body!
As you read the scroll labeled VIDDOI PEXI, it crumbles to dust.
The dust glows pulsating purple!
It was a scroll of random uselessness.
* * * LOW HITPOINT WARNING * * *
You feel very sick.
* * * LOW HITPOINT WARNING * * *
You feel very sick.
* * * LOW HITPOINT WARNING * * *
You feel sick.
You die...

### ##### ### #.## #.#.#
#.####.## #..##
##.###..####.(#
##.##....#.♣†#
##.##....((############
###
##..........##<......###..
#.........[.....#........
##............#####......
#......(####..## #....##
#....#### ##..###...###
#..### #........... ##.##
##..........


There were no monsters in sight!

Vanquished Creatures
  A two-headed ogre (D:10)
  A troll (D:9)
  The ghost of n0claF the Archer, an amateur CeHu of Okawaru (D:4)
  A hippogriff (D:9)
  A spriggan (D:7)
  2 wyverns (D:10)
  15 yaks
  A hungry ghost (D:10)
  A water moccasin (D:10)
  A floating eye (D:10)
  5 ice beasts
  4 orc warriors
  A black bear (D:10)
  5 ogres
  6 sky beasts
  3 phantoms
  8 centaurs
  4 big kobolds
  7 bullfrogs
  A gnoll sergeant (D:10)
  2 scorpions
  14 killer bees
  5 howler monkeys
  A wight (D:10)
  5 crimson imps
  A bullfrog zombie (D:5)
  A centaur zombie (D:6)
  2 quasits
  2 hounds (D:8)
  2 jellies
  A centaur skeleton (D:8)
  5 orc priests
  Jessica (D:2)
  3 iguanas
  9 orc wizards
  9 worker ants
  A hound skeleton (D:7)
  A hound zombie (D:8)
  8 adders
  16 gnolls
  A howler monkey skeleton (D:10)
  2 river rats (Sewer)
  5 shadow imps
  An ooze (D:4)
  3 adder skeletons
  2 worms
  2 dart slugs
  8 leopard geckos
  39 orcs
  A ball python (D:5)
  7 bats
  9 giant cockroaches
  10 goblins
  4 hobgoblins
  7 jackals
  4 quokkas
  7 frilled lizards
  27 kobolds
  20 rats
317 creatures vanquished.

Notes
Turn   | Place    | Note
-------+----------+-------------------------------------------
     0 | D:1      | n0claF the Centaur Hunter began the quest for the Orb.
     0 | D:1      | Reached XP level 1. HP: 17/17 MP: 1/1
   124 | D:1      | Reached XP level 2. HP: 24/24 MP: 2/2
   841 | D:2      | Noticed Jessica
   846 | D:2      | Killed Jessica
   846 | D:2      | Reached skill level 6 in Bows
   846 | D:2      | Reached skill level 1 in Unarmed Combat
   846 | D:2      | Reached XP level 3. HP: 30/30 MP: 3/3
   927 | D:2      | Found a glowing silver altar of Zin.
  1067 | D:2      | Found a deep blue altar of Sif Muna.
  1206 | D:2      | Gained mutation: You can translocate small distances at will. [potion of mutation]
  1206 | D:2      | Gained mutation: Your body sometimes deteriorates upon taking damage. [potion of mutation]
  1206 | D:2      | Gained mutation: You are partially covered in iridescent scales. (AC +2) [potion of mutation]
  1207 | D:2      | Lost mutation: Your body sometimes deteriorates upon taking damage. [potion of mutation]
  1207 | D:2      | Lost mutation: You are partially covered in iridescent scales. (AC +2) [potion of mutation]
  1207 | D:2      | Gained mutation: Potions are less effective at restoring your health. [potion of mutation]
  1207 | D:2      | Gained mutation: You are resistant to electric shocks. (rElec) [potion of mutation]
  1221 | D:2      | Noticed a phantom
  1259 | D:2      | Killed a phantom
  1259 | D:2      | Reached XP level 4. HP: 3/37 MP: 4/4
  1259 | D:2      | Reached XP level 5. HP: 3/44 MP: 5/5
  1649 | D:2      | Found a burning altar of Makhleb.
  1649 | D:2      | Found a hide-covered altar of Uskayaw.
  2156 | D:3      | Reached skill level 7 in Bows
  2576 | D:3      | Found a sparkling altar of Nemelex Xobeh.
  2697 | D:4      | Noticed n0claF's ghost (amateur CeHu)
  2731 | D:4      | Killed n0claF's ghost
  2731 | D:4      | Reached XP level 6. HP: 22/51 MP: 6/6
  2959 | D:4      | Reached skill level 8 in Bows
  3021 | D:4      | Reached XP level 7. HP: 36/58 MP: 7/7
  3184 | D:4      | Found a glowing drain.
  3354 | Sewer    | Entered a sewer
  3800 | Sewer    | Found a white marble altar of Elyvilon.
  5426 | D:3      | Reached skill level 9 in Bows
  5570 | D:4      | Found Lar Qano's Assorted Antiques.
  6190 | D:4      | Reached XP level 8. HP: 50/67 MP: 8/8
  6614 | D:5      | Entered Level 5 of the Dungeon
  7294 | D:5      | Reached skill level 10 in Bows
  7439 | D:5      | Noticed a moth of wrath
  7497 | D:5      | Reached skill level 5 in Fighting
  7697 | D:5      | Found a bloodstained altar of Trog.
  8553 | D:6      | Reached skill level 5 in Unarmed Combat
  8553 | D:6      | Reached XP level 9. HP: 71/74 MP: 9/9
  8613 | D:6      | Reached skill level 11 in Bows
  8686 | D:6      | Found a blossoming altar of Fedhas.
  9685 | D:6      | Found a sacrificial altar of Ru.
  9685 | D:6      | Found an iron altar of Okawaru.
  9693 | D:6      | Became a worshipper of Warmaster Okawaru
 10160 | D:7      | Found a staircase to the Ecumenical Temple.
 10175 | Temple   | Entered the Ecumenical Temple
 10691 | D:7      | Found a radiant altar of Vehumet.
 10752 | D:7      | Reached skill level 12 in Bows
 10960 | D:7      | Reached * piety under Okawaru
 11518 | D:8      | Reached skill level 5 in Dodging
 12129 | D:8      | Reached ** piety under Okawaru
 12129 | D:8      | Reached XP level 10. HP: 84/84 MP: 10/10
 12901 | D:9      | Reached skill level 13 in Bows
 13348 | D:9      | HP: 3/86 [poisoned by a killer bee]
 13830 | D:9      | Reached *** piety under Okawaru
 13860 | D:9      | Received a gift from Okawaru
 14392 | D:10     | Entered Level 10 of the Dungeon
 14490 | D:10     | Reached skill level 14 in Bows
 14674 | D:10     | Reached skill level 1 in Polearms
 15255 | D:10     | Reached **** piety under Okawaru
 15255 | D:10     | Received a gift from Okawaru
 15272 | D:10     | Reached XP level 11. HP: 62/94 MP: 11/11
 15882 | D:10     | Noticed a two-headed ogre
 15933 | D:10     | Killed a two-headed ogre
 15933 | D:10     | Received a gift from Okawaru
 16066 | D:10     | Received a gift from Okawaru
 16721 | D:10     | HP: 4/95 [poisoned by a killer bee]
 16727 | D:10     | HP: 7/142 [poisoned by a killer bee]
 16729 | D:10     | HP: 3/142 [poisoned by a killer bee]
 16730 | D:10     | Succumbed to a killer bee's poison

Skill      XL: |  1  2  3  4  5  6  7  8  9 10 11 |
---------------+----------------------------------+-----
Bows           | 6 7 8 9 10 12 14 | 14.0
Unarmed Combat | 1 2 3 5 6 7 |  7.2
Dodging        | 2 3 4 5 6 |  6.7
Fighting       | 3 4 5 6 8 |  8.8
Polearms       | 2 3 |  3.7
Stealth        | |  0.4

Action                   |  1- 3 |  4- 6 |  7- 9 | 10-12 || total
-------------------------+-------+-------+-------+-------++-------
Melee: Unarmed           |    77 |       |       |       ||    77
       Kick              |    15 |    17 |    38 |     8 ||    78
       Whip              |    28 |    77 |   188 |    41 ||   334
       Punch             |       |       |     4 |     1 ||     5
       Shortbow          |       |       |     1 |       ||     1
 Fire: Shortbow          |    19 |    52 |   615 |   548 ||  1234
Invok: Heroism           |       |       |       |     1 ||     1
 Abil: Blink             |       |       |     4 |       ||     4
  Use: Potion            |     2 |       |     1 |     8 ||    11
       Scroll            |     1 |     2 |       |    14 ||    17
  Eat: Chunk             |       |     5 |    17 |    11 ||    33
       Ration            |       |       |     2 |     2 ||     4
Armor: Leather armour    |    39 |    44 |   181 |    61 ||   325
       Troll leather arm |       |       |       |    89 ||    89
Dodge: Dodged            |    36 |    36 |   147 |   150 ||   369
